 Dungeon Crawl Stone Soup version 0.29-a0-284-gf9362112df (webtiles) character file.

Game seed: 15144559371613393161

2610 Dabor the Cudgeller (level 9, -3/79 HPs)
             Began as a Troll Fighter on Mar 15, 2022.
             Was a Believer of Ru.
             Slain by a red ugly thing (13 damage)
             ... on level 7 of the Dungeon.
             The game lasted 00:15:47 (5337 turns).

Dabor the Cudgeller (Troll Fighter)                 Turns: 5337, Time: 00:15:47

Health: -3/79      AC:  7    Str: 30    XL:     9   Next: 34%
Magic:  8/8        EV:  9    Int:  4    God:    Ru [**....]
Gold:   456        SH:  8    Dex:  9    Spells: 8/8 levels left

rFire   . . .      SeeInvis .   F - +2 whip (freeze)
rCold   . . .      Faith    .   c - +0 kite shield
rNeg    . . .      Spirit   .   B - +0 troll leather armour {Pargi}
rPois   .          Reflect  .   (helmet restricted)
rElec   .          Harm     .   n - +0 cloak
rCorr   .          Rampage  .   (gloves unavailable)
Will    .....                   (boots unavailable)
Stlth   +.........              o - amulet of regeneration
HPRegen 2.63/turn               H - ring of flight
MPRegen 0.11/turn               (no ring)

@: about to teleport, flying
A: large, unfitting armour, claws 3, frail 1, regeneration 1, shaggy fur 1,
tough skin 1
a: Renounce Religion


You were on level 7 of the Dungeon.
You worshipped Ru.
Ru was pleased with you.
You visited 1 branch of the dungeon, and saw 7 of its levels.
You also visited: Sewer.

You collected 456 gold pieces.

Inventory:

Hand Weapons
 F - a +2 whip of freezing (weapon)
Missiles
 k - 3 boomerangs
 p - 6 large rocks (quivered)
 s - 5 javelins
 y - 8 poisoned darts
 C - 6 atropa-tipped darts
Armour
 c - a +0 kite shield (worn)
 n - a +0 cloak (worn)
 B - a +0 troll leather armour (worn) {Pargi}
Jewellery
 o - an amulet of regeneration (around neck)
 H - a ring of flight (left claw)
Scrolls
 f - a scroll of enchant armour
 h - 2 scrolls of fog
 m - 2 scrolls of teleportation
 r - 3 scrolls of enchant weapon
 u - 2 scrolls of fear
 w - a scroll of brand weapon
 E - a scroll of magic mapping
 G - a scroll of identify
Potions
 a - 2 potions of ambrosia {unknown}
 d - 3 potions of might
 e - a potion of degeneration {unknown}
 g - 2 potions of haste {unknown}
 i - 3 potions of curing
 l - a potion of flight
 q - 2 potions of cancellation
 t - a potion of mutation {unknown}
 z - a potion of heal wounds {unknown}
 A - 2 potions of invisibility {unknown}
 D - a potion of berserk rage {unknown}
 I - a potion of attraction {unknown}


   Skills:
 + Level 5.3 Fighting
 + Level 5.5 Maces & Flails
 + Level 4.7 Throwing
 + Level 0.1 Armour
 + Level 5.4 Dodging
 + Level 5.3 Shields


You had 8 spell levels left.
You didn't know any spells.
Your spell library contained the following spells:

 Spells                   Type           Power      Damage    Failure   Level
 Frozen Ramparts          Ice            0%         1d2       99%         3
 Tukima's Dance           Hex            0%         N/A       99%         3
 Ice Form                 Ice/Tmut       0%         N/A       100%        4
 Passage of Golubria      Tloc           0%         N/A       100%        4
 Summon Ice Beast         Ice/Summ       0%         N/A       100%        4
 Yara's Violent Unravell  Hex/Tmut       0%         3d3       100%        5


Dungeon Overview and Level Annotations

Branches:
Dungeon (7/15)             Temple (0/1) D:4           Sewer (visited)

Altars:
Elyvilon
Ru
Yredelemnul
The Shining One

Shops:
D:7 *


Innate Abilities, Weirdness & Mutations

You are too large for most types of armour.
You have claws for hands.
You are frail. (-10% HP)
Your natural rate of healing is unusually fast.
You are covered in fur. (AC +1)
You have tough skin. (AC +1)


Message History

You kill the orc!
No target in view!
No target in view!
No target in view!
No target in view!
No target in view!
No target in view!
No target in view!
No target in view!
No target in view!
No target in view!
No target in view!
Things that are here:
a +0 trident; a +0 leather armour; an orc corpse
Things that are here:
a +0 short sword; a +0 leather armour; an orc corpse
a - 2 blue potions
Things that are here:
a +0 whip; a +0 scale mail; an orc corpse A red ugly thing comes into view.
A red ugly thing is nearby!
The red ugly thing gurgles horribly!
You hear a horrible gurgling sound!
You block the red ugly thing's attack.
You barely miss the red ugly thing. The red ugly thing tentacle-slaps you!
You are engulfed in flames!!
You hit the red ugly thing. You freeze the red ugly thing.
The red ugly thing is lightly wounded.
The red ugly thing tentacle-slaps you!
You are engulfed in flames!!
* * * LOW HITPOINT WARNING * * *
You are too injured to fight recklessly!
You feel better. The red ugly thing tentacle-slaps you!
* * * LOW HITPOINT WARNING * * *
You are engulfed in flames!!
* * * LOW HITPOINT WARNING * * *
Blink to where?
Press: ? - help, Dir - move target
As you read the scroll of blinking, it crumbles to dust.
As you read the scroll of teleportation, it crumbles to dust.
You feel strangely unstable. The red ugly thing tentacle-slaps you!
You die...

####.# #........#.# #.#
#........#.# ####
##########...##..........
#.))...)....######..#####
#..##)#.#)#.## ..#
#.##.######.# ..# #.
##.#.#.#.. ..# # #
##.#.##... . ..
####@#...# .# #u##.#.# ..
#..#.#.# .# ..## # ####


You could see a red ugly thing.

Vanquished Creatures
  Sigmund (D:3)
  3 yaks (D:5)
  Menkaure (D:6)
  3 water moccasins (D:5)
  2 sky beasts
  Pargi (Sewer)
  2 ice beasts
  2 ogres
  A phantom (D:5)
  A bullfrog (D:7)
  A necrophage (D:6)
  A scorpion (D:4)
  5 killer bees (D:7)
  2 hounds
  A jelly (D:6)
  2 orc priests
  Natasha (thrice) (D:4)
  An orc wizard (D:7)
  4 adders
  2 shadow imps
  A white imp (D:5)
  2 ufetubi
  7 worms
  4 dart slugs
  24 orcs
  2 bats
  6 endoplasms
  5 giant cockroaches
  7 goblins
  6 hobgoblins
  3 quokkas
  20 ball pythons
  13 frilled lizards
  8 kobolds
  4 rats
151 creatures vanquished.

Notes
Turn   | Place    | Note
-------+----------+-------------------------------------------
     0 | D:1      | Dabor the Troll Fighter began the quest for the Orb.
     0 | D:1      | Reached XP level 1. HP: 22/22 MP: 0/0
   129 | D:1      | Reached XP level 2. HP: 29/29 MP: 1/1
   390 | D:1      | Reached XP level 3. HP: 36/36 MP: 2/2
   804 | D:2      | Reached XP level 4. HP: 44/44 MP: 3/3
  1192 | D:3      | Noticed Sigmund
  1202 | D:3      | Killed Sigmund
  1203 | D:3      | Reached skill level 1 in Throwing
  1203 | D:3      | Reached XP level 5. HP: 41/53 MP: 4/4
  1203 | D:3      | Reached XP level 6. HP: 47/61 MP: 5/5
  1866 | D:4      | Found a sacrificial altar of Ru.
  2018 | D:4      | Noticed Natasha
  2023 | D:4      | Killed Natasha
  2030 | D:4      | Became a worshipper of Ru the Awakened
  2100 | D:4      | Noticed Natasha
  2111 | D:4      | Killed Natasha
  2126 | D:4      | Noticed Natasha
  2132 | D:4      | Killed Natasha
  2214 | D:4      | Found a staircase to the Ecumenical Temple.
  2702 | D:4      | Found a glowing golden altar of the Shining One.
  2705 | D:4      | Found a white marble altar of Elyvilon.
  2710 | D:4      | Found a basalt altar of Yredelemnul.
  3053 | D:5      | Entered Level 5 of the Dungeon
  3072 | D:5      | Noticed a sky beast
  3088 | D:5      | Killed a sky beast
  3089 | D:5      | Reached XP level 7. HP: 55/68 MP: 6/6
  3421 | D:5      | Noticed a yak
  3422 | D:5      | Noticed a yak
  3433 | D:5      | Noticed a yak
  3450 | D:5      | Killed a yak
  3460 | D:5      | Killed a yak
  3461 | D:5      | Reached XP level 8. HP: 34/79 MP: 7/7
  3871 | D:5      | Gained mutation: You are frail. (-10% HP) [Ru sacrifice]
  3871 | D:5      | Reached * piety under Ru
  3871 | D:5      | Reached ** piety under Ru
  4183 | D:6      | Noticed Menkaure
  4263 | D:6      | Killed Menkaure
  4264 | D:6      | Reached skill level 5 in Maces & Flails
  4306 | D:6      | Reached skill level 5 in Dodging
  4306 | D:6      | Reached skill level 5 in Shields
  4359 | D:6      | Found a glowing drain.
  4385 | D:6      | Reached skill level 5 in Fighting
  4415 | Sewer    | Entered a sewer
  4496 | Sewer    | Noticed Pargi
  4512 | Sewer    | Killed Pargi
  4513 | Sewer    | Reached XP level 9. HP: 71/79 MP: 8/8
  4969 | D:7      | Found Vuobog's Lightly-Used Armoury.
  5331 | D:7      | Noticed a red ugly thing
  5337 | D:7      | Slain by a red ugly thing

Illustrated notes

Levels and vault maps discovered:
D:1:      eino_arrival_cavern_d, layout_basic, minmay_domino_2
D:2:      layout_rooms
D:3:      cheibrodos_pilgrimage, layout_loops_ring,
          minmay_fractal_squares_diagonal_5, uniq_sigmund
D:4:      layout_gridville, lemuel_tele_altar, grunt_temple_overflow_diamond,
          minmay_temple_entry_drinking_statues, uniq_natasha
D:5:      layout_loops_ring
D:6:      layout_rooms, portal_sewer_entry_a, serial_park_tiny_2, uniq_menkaure
D:7:      layout_loops_ring, minmay_shop_damaged, grunt_decor_mini_mirrors,
          serial_bayou_ford_a, minmay_small_thing

Skill      XL: |  1  2  3  4  5  6  7  8 |
---------------+-------------------------+-----
Maces & Flails | 2 3 4 5 |  5.5
Fighting       | 3 4 5 |  5.3
Dodging        | 3 4 5 |  5.4
Shields        | 3 4 5 |  5.3
Throwing       | 1 2 3 4 |  4.7
Armour         | |  0.1

Action                   |  1- 3 |  4- 6 |  7- 9 || total
-------------------------+-------+-------+-------++-------
Melee: Flail             |   119 |   173 |     8 ||   300
       Whip              |       |       |   317 ||   317
Throw: Javelin           |       |     9 |    12 ||    21
       Dart              |       |       |     6 ||     6
       Large rock        |       |       |     3 ||     3
Invok: Sacrifice Health  |       |       |     1 ||     1
  Use: Scroll            |       |     8 |     7 ||    15
       Potion            |       |       |     7 ||     7
Armor: Robe              |    45 |    68 |    51 ||   164
       Troll leather arm |       |       |    33 ||    33
Dodge: Dodged            |    52 |    99 |   111 ||   262
Block: Kite shield       |    46 |    82 |   117 ||   245

Table legend: (Time is in decaauts)
 A = Elapsed time spent in this place.
 B = Non-inter-level travel time spent in this place.
 C = Inter-level travel time spent in this place.
 D = Time resting spent in this place.
 E = Time spent auto-exploring this place.
 F = Levels seen in this place.
 G = Mean time per level.
                   A        B        C        D        E       F      G
               +--------+--------+--------+--------+--------+-----+--------+
         Total |   5512 |   5172 |    340 |    400 |   3027 |   8 |  689.0 |
       Dungeon |   5287 |   4947 |    340 |    400 |   2951 |   7 |  755.3 |
         Sewer |    224 |    224 |      0 |      0 |     75 |   1 |  224.0 |
               +--------+--------+--------+--------+--------+-----+--------+

Top non-repeatable levels by time:
     D:4: 1387 daAuts
     D:5: 1062 daAuts
     D:3: 859 daAuts
     D:1: 605 daAuts
     D:6: 477 daAuts
     D:7: 450 daAuts
     D:2: 445 daAuts
   Sewer: 224 daAuts
